 Dungeon Crawl Stone Soup version 0.15.1-1-gfacfea3 (webtiles) character file.

46 CrazyArbalest the Sneak (level 3, 0/16 HPs)
             Began as a Spriggan Enchanter on Sept 20, 2014.
             Slain by an adder (1 damage)
             ... on Level 2 of the Dungeon.
             The game lasted 00:04:47 (1349 turns).

CrazyArbalest the Sneak (Spriggan Enchanter)        Turns: 1349, Time: 00:04:47

HP   0/16        AC  3     Str  5      XL: 3   Next: 44%
MP   9/9         EV 19     Int 16      God:
Gold 76          SH  0     Dex 16      Spells:  1 memorised,  6 levels left

rFire  . . .     SeeInvis +     a - +1 dagger
rCold  . . .     Clarity  .     b - +1 robe
rNeg   . . .     rCorr    .     (shield restricted)
rPois  .         rRot     .     (helmet restricted)
rElec  .         Spirit   .     (no cloak)
SustAb .         Warding  .     (gloves unavailable)
rMut   .         Stasis   .     (boots unavailable)
Gourm  .                        (no amulet)
MR     .....                    (no ring)
                                (no ring)

@: lethally poisoned, very quick, not resistant to hostile enchantments, fairly
stealthy
A: unfitting armour, see invisible, herbivore 3, speed 3, slow metabolism 2
a: no special abilities


You were on level 2 of the Dungeon.
You were not hungry.

You visited 1 branch of the dungeon, and saw 2 of its levels.

You collected 76 gold pieces.

Inventory:

Hand weapons
 a - a +1 dagger (weapon)
Armour
 b - a +1 robe (worn)
Magical devices
 k - a wand of polymorph (12) {unknown}
Scrolls
 e - a scroll of remove curse {unknown}
 f - a scroll of identify {unknown}
 h - a scroll of enchant weapon {unknown}
 i - a scroll of fear {unknown}
 j - a scroll of teleportation {unknown}
 l - a scroll of fog {unknown}
 n - 2 scrolls of recharging {unknown}
Potions
 d - a potion of porridge
 g - a potion of restore abilities
 m - a potion of might {unknown}
 o - a potion of poison {unknown}
Books
 c - a book of Maledictions

   Spells                             Type                      Level
   *Corona                            Hexes                        1
   Sure Blade                         Hexes/Charms                 2
   Ensorcelled Hibernation            Hexes/Ice                    2
   Confuse                            Hexes                        3
   Dazzling Spray                     Conjuration/Hexes            3
   Enslavement                        Hexes                        4


   Skills:
 + Level 0.1 Fighting
 + Level 1.3 Short Blades
 + Level 4.0 Dodging
 + Level 5.1 Stealth
 + Level 2.9 Spellcasting
 + Level 4.1 Hexes


You had 6 spell levels left.
You knew the following spells:

 Your Spells              Type           Power        Failure   Level  Hunger
a - Corona                Hex            ###....      4%          1    #......


Dungeon Overview and Level Annotations

Branches:
Dungeon (2/15)

Altars:


Innate Abilities, Weirdness & Mutations

You are tiny and cannot use many weapons and most armour.
You have supernaturally acute eyesight.
You are a herbivore.
You cover ground extremely quickly.
You need consume almost no food.


Message History

The adder barely misses you. The adder closely misses you.
You closely miss the adder.
The adder is lightly wounded.
You feel sick. The adder barely misses you.
You hit the adder but do no damage.
The adder is lightly wounded.
The adder barely misses you.
You miss the adder.
The adder is lightly wounded.
The adder closely misses you.
You barely miss the adder.
The adder is lightly wounded.
* * * LOW HITPOINT WARNING * * *
You feel sick. The adder bites you.
* * * LOW HITPOINT WARNING * * *
You are more poisoned.
The adder poisons you! The adder misses you.
Drink which item? (? for menu, Esc to quit)
You feel refreshed.
It was a potion of restore abilities.
The adder bites you.
You die...

#.........#.####w#######
#....######............########
+.............................#
#....#...##.####.#.#<..#####..#
#....#...##.# #...............
#....#...##.# ###)####.####..#
#...........# #.# #.####..#
#....#...##.######.####....##..
+...........KS@................
#....#.....#######.........##..
#####..#.....# ######..####..
..(.S..#.....# #........
..K##..#.....# ##......#
...##..#.....# ######.#
.......##....# #.#
.SK######....# #.# ...# #....#
#############.#


You could see an adder and a kobold.

Vanquished Creatures
  3 adders
  A giant cockroach (D:2)
  3 goblins
  2 hobgoblins
  2 kobolds
  A quokka (D:2)
  A ball python (D:1)
  4 bats
  2 giant geckos
  7 rats
26 creatures vanquished.

Notes
Turn   | Place    | Note
--------------------------------------------------------------
     0 | D:1      | CrazyArbalest, the Spriggan Enchanter, began the quest for the Orb.
     0 | D:1      | Reached XP level 1. HP: 9/9 MP: 4/4
   247 | D:1      | Reached XP level 2. HP: 8/13 MP: 7/7
   802 | D:2      | Reached XP level 3. HP: 12/16 MP: 9/9
   908 | D:2      | Reached skill level 5 in Stealth
  1349 | D:2      | Slain by an adder

Action                   || total
-------------------------++-------
Melee: Dagger            ||   111
  Use: Potion            ||     1
 Stab: Sleeping          ||     5
